 Dungeon Crawl Stone Soup version 0.20.1-1-g8b1a95d (webtiles) character file.

83 Minstaer the Charmwright (level 4, -5/33 HPs)
             Began as a Merfolk Skald on Nov 6, 2017.
             Was an Initiate of Nemelex Xobeh.
             Slain by a centaur (6 damage)
             ... on level 3 of the Dungeon.
             The game lasted 00:24:19 (3093 turns).

Minstaer the Charmwright (Merfolk Skald)            Turns: 3093, Time: 00:24:19

Health: -5/33      AC:  4    Str: 12    XL:     4   Next: 44%
Magic:  9/9        EV: 12    Int: 12    God:    Nemelex Xobeh [......]
Gold:   114        SH:  0    Dex: 13    Spells: 2/10 levels left

rFire    . . .     SeeInvis .   b - +0 trident
rCold    . . .     Gourm    .   (no shield)
rNeg     . . .     Faith    .   r - +0 leather armour
rPois    .         Spirit   .   j - +0 helmet
rElec    .         Reflect  .   (no cloak)
rCorr    .         Harm     .   (no gloves)
MR       .....                  (no boots)
Stlth    +.........             (no amulet)
Regen    0.2/turn               (no ring)
MPRegen  0.2/turn               (no ring)

@: no status effects
A: change form in water, swift swim, stealthy swim
a: Renounce Religion


You were on level 3 of the Dungeon.
You worshipped Nemelex Xobeh.
Nemelex Xobeh was noncommittal.
You were not hungry.

You visited 1 branch of the dungeon, and saw 3 of its levels.

You collected 114 gold pieces.

Inventory:

Hand Weapons
 a - a +0 hunting sling
 b - a +0 trident (weapon)
 o - a +0 spear
 q - a +0 halberd
 u - a +0 blowgun
 w - a cursed -1 war axe
Missiles
 d - 3 poisoned needles
 e - 144 stones (quivered)
 i - 15 sling bullets
Armour
 h - a +0 robe
 j - a +0 helmet (worn)
 r - a +0 leather armour (worn)
 s - a +0 ring mail
 y - a scarf of cloud immunity
Jewellery
 k - an uncursed amulet of magic regeneration {unknown}
Scrolls
 f - a scroll of remove curse {unknown}
 m - a scroll of noise {unknown}
 n - 2 scrolls of enchant armour {unknown}
 p - 3 scrolls of identify {unknown}
Potions
 g - 2 potions of haste {unknown}
 l - a potion of degeneration {unknown}
 x - a potion of flight {unknown}
Books
 c - a book of Battle

   Spells                             Type                      Level
   a - Infusion                       Charms                       1
   b - Shroud of Golubria             Charms/Translocation         2
   c - Song of Slaying                Charms                       2
   d - Spectral Weapon                Hexes/Charms                 3
   e - Regeneration                   Charms/Necromancy            3
Miscellaneous
 t - a legendary deck of destruction
Comestibles
 v - a chunk of flesh


   Skills:
 - Level 2.1 Fighting
 - Level 3.0 Polearms
 - Level 0.6 Armour
 - Level 2.6 Dodging
 + Level 3.5 Spellcasting
 + Level 4.2 Charms


You had 2 spell levels left.
You knew the following spells:

 Your Spells              Type           Power        Failure   Level  Hunger
a - Infusion              Chrm           ##..         4%          1    #......
b - Song of Slaying       Chrm           ##......     8%          2    ##.....
c - Shroud of Golubria    Chrm/Tloc      #.........   19%         2    ##.....
d - Regeneration          Chrm/Necr      #.........   36%         3    ###....


Dungeon Overview and Level Annotations

Branches:
Dungeon (3/15)

Altars:
Nemelex Xobeh


Message History

The centaur shoots an arrow.
The arrow hits you!
The centaur unwields an uncursed shortbow.
The centaur hits you. The centaur barely misses you.
Things that are here:
a dagger; a leather armour
a - a +0 hunting sling (weapon)
The centaur hits you!
* * * LOW HITPOINT WARNING * * *
b - a +0 trident (weapon)
You hit the centaur but do no damage. The centaur misses you.
The centaur barely misses you.
You hit the centaur.
The centaur is lightly wounded.
The centaur barely misses you. The centaur hits you.
* * * LOW HITPOINT WARNING * * *
You hit the centaur.
The centaur is moderately wounded.
The centaur hits you.
You die...
Your body disappears without a glow.

########.................######
##..........####..#
###########................#
......................####.#
###########...........# #.###
#################.###(# ....#
..........# #.....# ....#
..........#######c.#### ....#
...............(@..######...##
..........#######...#.......#
..........# ###.#.......#
######.#### #..........#
#.###########......#...#
#..........##......#...#
###############.##......#...#
............#...##......#...#
.#######....#.#######..##...#


You could see a centaur.

Vanquished Creatures
  3 adders
  2 dart slugs
  2 leopard geckos
  2 orcs (D:3)
  9 bats
  3 giant cockroaches (D:1)
  2 hobgoblins (D:2)
  4 jackals (D:1)
  7 kobolds
  A quokka (D:2)
  A ball python (D:3)
  2 frilled lizards (D:1)
  3 goblins
  10 rats
51 creatures vanquished.

Notes
Turn   | Place    | Note
-------+----------+-------------------------------------------
     0 | D:1      | Minstaer the Merfolk Skald began the quest for the Orb.
     0 | D:1      | Reached XP level 1. HP: 16/16 MP: 3/3
   128 | D:1      | Reached XP level 2. HP: 19/22 MP: 5/5
   135 | D:1      | Learned a level 2 spell: Song of Slaying
   138 | D:1      | Learned a level 2 spell: Shroud of Golubria
   759 | D:1      | Reached XP level 3. HP: 27/27 MP: 1/7
  1153 | D:2      | Found a sparkling altar of Nemelex Xobeh.
  1469 | D:2      | Learned a level 3 spell: Regeneration
  1484 | D:2      | Reached skill level 4 in Charms
  2052 | D:2      | Reached XP level 4. HP: 33/33 MP: 8/8
  2289 | D:2      | Became a worshipper of Nemelex Xobeh the Trickster
  2316 | D:3      | Received a gift from Nemelex Xobeh
  3084 | D:3      | Noticed a centaur
  3092 | D:3      | HP: 1/33 [centaur (5)]
  3093 | D:3      | Slain by a centaur

Skill      XL: |  1  2  3 |
---------------+----------+-----
Spellcasting   | 3 |  3.5
Charms         | 4 |  4.2
Fighting       | |  2.1
Polearms       | |  3.0
Armour         | |  0.6
Dodging        | |  2.6

Action                   |  1- 3 |  4- 6 || total
-------------------------+-------+-------++-------
Melee: Spear             |   148 |     2 ||   150
       Trident           |       |    49 ||    49
       Tailslap          |       |     1 ||     1
 Fire: Hunting sling     |     2 |     6 ||     8
       Blowgun           |       |     2 ||     2
Throw: Stone             |     3 |       ||     3
 Cast: Infusion          |     1 |       ||     1
       Regeneration      |       |     2 ||     2
       Shroud of Golubri |       |     2 ||     2
 Stab: Sleeping          |     2 |     1 ||     3
  Eat: Chunk             |     3 |       ||     3
       Bread ration      |       |     1 ||     1
Armor: Leather armour    |    35 |    13 ||    48
Dodge: Dodged            |    73 |    32 ||   105
